 Dungeon Crawl Stone Soup version 0.30-a0-696-g2367cd04db (webtiles) character file.

Game seed: 11196012936095550604

448 oldmanjim the Magician (level 7, 0/50 HPs)
             Began as a Djinni Conjurer on Jan 20, 2023.
             Slain by a water moccasin (9 damage)
             ... on level 4 of the Dungeon.
             The game lasted 00:20:56 (2961 turns).

oldmanjim the Magician (Djinni Conjurer)            Turns: 2961, Time: 00:20:57

Health: 0/50       AC:  3    Str:  6    XL:     7   Next: 24%
Gold:   157        EV: 12    Int: 22    God:
                   SH:  0    Dex: 11

rFire   + + .      SeeInvis .    a - +2 dagger (speed)
rCold   x . .      Faith    .    (no shield)
rNeg    . . .      Spirit   .    q - +0 robe
rPois   ∞          Reflect  .    l - +0 helmet
rElec   .          Harm     .    (no cloak)
rCorr   .          Rampage  .    (no gloves)
Will    .....                    (boots unavailable)
Stlth   ++                       (no amulet)
HPRegen 0.28/turn                (no ring)
MPRegen 0.00/turn                (no ring)

@: mighty, flying
A: sickness immunity, fire resistance 2, cold vulnerability 1, float, innate
caster, HP casting, extra vitality 1
a: no special abilities


You were on level 4 of the Dungeon.
You visited 1 branch of the dungeon, and saw 4 of its levels.

You collected 157 gold pieces.

Inventory:

Hand Weapons
 a - a +2 dagger of speed (weapon)
Missiles
 d - 31 stones
 i - 6 poisoned darts
 k - a throwing net
 n - 3 javelins
 o - 3 boomerangs
Armour
 l - a +0 helmet (worn)
 q - a +0 robe (worn)
Wands
 p - a wand of roots (11)
Scrolls
 b - a scroll of enchant weapon {unknown}
 e - 2 scrolls of teleportation {unknown}
 f - 5 scrolls of identify {unknown}
 h - 2 scrolls of magic mapping {unknown}
 j - a scroll of blinking {unknown}
Potions
 c - 2 potions of might
 g - a potion of attraction {unknown}
 m - a potion of curing


   Skills:
 + Level 3.5 Fighting
 - Level 3.0 Dodging
 - Level 1.5 Stealth
 + Level 5.2 Spellcasting
 + Level 1.6 Evocations


You couldn't memorise any spells.
You knew the following spells:

 Your Spells              Type           Power      Damage    Failure   Level
a - Magic Dart            Conj           100%       1d8       1%          1
b - Searing Ray           Conj           56%        2d6       1%          2
c - Dazzling Flash        Conj/Hex       56%        N/A       3%          3
d - Fulminant Prism       Conj/Hex       14%        3d8       12%         4
e - Iskenderun's Mystic   Conj/Tloc      28%        2d7       12%         4
f - Slow                  Hex            100%       N/A       1%          1
g - Blink                 Tloc           56%        N/A       1%          2
h - Ensorcelled Hibernat  Hex/Ice        56%        N/A       1%          2
Your spell library was empty.

Dungeon Overview and Level Annotations

Branches:
Dungeon (4/15)
 Temple: D:4-7

Altars:


Innate Abilities, Weirdness & Mutations

You are immune to sickness and miasma.
You are immune to poison.
Your flesh is very heat resistant. (rF++)
You are vulnerable to cold. (rC-)
You float through the air rather than walking.
You learn spells naturally, not from books.
Your magical power is your life essence.
You have superior vitality. (+4 MHP)


Message History

Confirm with . or Enter, or press ? or * to list all spells.
Aiming: Magic Dart (safe; 1% risk of failure)
Press: ? - help, Shift-Dir - straight line, f/p - gnoll
Aim: a gnoll, wielding a +0 club (heavily wounded, 100% to hit)
The magic dart hits the gnoll!
You kill the gnoll!
* * * LOW HITPOINT WARNING * * *
Your magical contamination has completely faded away.
Found 13 gold pieces.
You now have 157 gold pieces (gained 13).
A water moccasin comes into view.
The water moccasin hisses angrily.
You hear the slow rusting of a very distant drain.
Casting: Magic Dart (safe; 1% risk of failure)
Confirm with . or Enter, or press ? or * to list all spells.
Aiming: Ensorcelled Hibernation (safe; 1% risk of failure)
Press: ? - help, Shift-Dir - straight line, f - water moccasin
Aim: a water moccasin (chance to affect: 59%)
The water moccasin resists with significant effort.
The water moccasin bites you!
* * * LOW HITPOINT WARNING * * *
Casting: Ensorcelled Hibernation (safe; 1% risk of failure)
Confirm with . or Enter, or press ? or * to list all spells.
Aiming: Ensorcelled Hibernation (safe; 1% risk of failure)
Press: ? - help, Shift-Dir - straight line, f/p - water moccasin
Aim: a water moccasin (chance to affect: 59%)
The water moccasin resists with significant effort.
* * * LOW HITPOINT WARNING * * *
The water moccasin closely misses you. The water moccasin bites you.
* * * LOW HITPOINT WARNING * * *
You hit the water moccasin.
The water moccasin is lightly wounded.
Unknown command.
Aiming: Fastroot
Press: ? - help, Shift-Dir - straight line, f/p - water moccasin
Aim: a water moccasin (lightly wounded)
Okay, then.
You feel very mighty all of a sudden. The water moccasin bites you!
You die...

...........# #....
...........# #.... ..........#
### ### ###.... .........#
##.# #.###.).... ........#
###..## ##....)###.. .......#
##.....# ###....)#####. #..##
##......###)........###.
##..###..............†)....###
#...#......S@..)...........##
##.............##...........#
#..............####).........
...................#
#.^........
.....##............#
#.......... .#...
#............# #..........
#.#.. #............#
#)......... .#.#
##...........# #.......... .#
#...........# #..........


You could see a water moccasin.

Vanquished Creatures
  A necrophage (D:2)
  A jelly (D:4)
  A gnoll bouda (D:4)
  Jessica (D:2)
  Terence (D:2)
  Natasha (twice) (D:2)
  9 gnolls
  6 adders
  A dart slug (D:2)
  5 orcs
  6 endoplasms
  3 giant cockroaches
  12 goblins
  7 hobgoblins
  5 jackals
  4 quokkas
  6 ball pythons
  6 bats
  6 frilled lizards
  6 kobolds
  4 rats
93 creatures vanquished.

Vanquished Creatures (others)
  5 fulminant prisms
5 creatures vanquished.

Grand Total: 98 creatures vanquished

Notes
Turn   | Place    | Note
-------+----------+-------------------------------------------
     0 | D:1      | oldmanjim the Djinni Conjurer began the quest for the Orb.
     0 | D:1      | oldmanjim set off with the following spells memorised:
                  | Magic Dart, Searing Ray, Dazzling Flash, Fulminant Prism,
                  | Iskenderun's Mystic Blast.
     0 | D:1      | Reached XP level 1. HP: 15/15 MP: 0/0
   150 | D:1      | Reached XP level 2. HP: 19/22 MP: 0/0
   173 | D:1      | Upgraded the game from 0.30-a0-691-g754fce4c43 to
                  | 0.30-a0-696-g2367cd04db
   488 | D:1      | Reached skill level 1 in Fighting
   550 | D:1      | Reached XP level 3. HP: 17/27 MP: 0/0
   550 | D:1      | Learned a level 1 spell: Slow
   851 | D:2      | Noticed Natasha
   854 | D:2      | Killed Natasha
   916 | D:2      | Noticed Jessica
   927 | D:2      | Killed Jessica
   928 | D:2      | Reached XP level 4. HP: 24/33 MP: 0/0
  1195 | D:2      | Reached XP level 5. HP: 37/39 MP: 0/0
  1195 | D:2      | Learned a level 2 spell: Blink
  1430 | D:2      | Found a faded altar of an unknown god.
  1551 | D:2      | Noticed Terence
  1564 | D:2      | Killed Terence
  1565 | D:2      | Reached skill level 4 in Spellcasting
  1768 | D:2      | Noticed Natasha
  1775 | D:2      | Killed Natasha
  1776 | D:2      | Reached XP level 6. HP: 35/46 MP: 0/0
  2429 | D:3      | Reached skill level 5 in Spellcasting
  2838 | D:4      | Reached skill level 1 in Evocations
  2846 | D:4      | Reached XP level 7. HP: 15/50 MP: 0/0
  2846 | D:4      | Learned a level 2 spell: Ensorcelled Hibernation
  2946 | D:4      | Noticed a water moccasin
  2961 | D:4      | Slain by a water moccasin

Illustrated notes

Levels and vault maps discovered:
D:1:      dpeg_arrival_renting, layout_basic
D:2:      minmay_recursive_quarters, layout_basic,
          ebering_ecumenical_altar_sacrificial, uniq_terence, uniq_jessica,
          uniq_natasha
D:3:      layout_basic, hangedman_decor_peaks_small, minivault_11
D:4:      layout_cave_pods, minmay_temple_entry_grid, gup_sewer_entry_pipe

Skill      XL: |  1  2  3  4  5  6 |
---------------+-------------------+-----
Fighting       | 1 2 3 |  3.5
Dodging        | 3 |  3.0
Spellcasting   | 4 5 |  5.2
Evocations     | 1 |  1.6
Stealth        | |  1.5

Action                   |  1- 3 |  4- 6 |  7- 9 || total
-------------------------+-------+-------+-------++-------
Melee: Dagger            |       |       |     1 ||     1
 Cast: Magic Dart        |    49 |    79 |    11 ||   139
       Searing Ray       |     4 |    17 |       ||    21
       Fulminant Prism   |       |     3 |     2 ||     5
       Ensorcelled Hiber |       |       |     2 ||     2
  Use: Potion            |       |       |     1 ||     1
Armor: Robe              |     3 |     6 |       ||     9
Dodge: Dodged            |     7 |     7 |     1 ||    15

Table legend: (Time is in decaauts)
 A = Elapsed time spent in this place.
 B = Non-inter-level travel time spent in this place.
 C = Inter-level travel time spent in this place.
 D = Time resting spent in this place.
 E = Time spent auto-exploring this place.
 F = Levels seen in this place.
 G = Mean time per level.
                   A        B        C        D        E       F      G
               +--------+--------+--------+--------+--------+-----+--------+
         Total |   2960 |   2840 |    120 |     16 |   2310 |   4 |  740.0 |
       Dungeon |   2960 |   2840 |    120 |     16 |   2310 |   4 |  740.0 |
               +--------+--------+--------+--------+--------+-----+--------+

Top non-repeatable levels by time:
     D:2: 1159 daAuts
     D:1: 879 daAuts
     D:3: 757 daAuts
     D:4: 164 daAuts
